AoeStats
← 花开未相随

Arena

509882795Analyzed
3v3 RM · 4d ago on Sep 28, 2026· 29m 55s· 6 players
Game mode
Random Map
Map size
Normal (6 player)
Population
200
Speed
Normal
Resources
Standard
Victory
Conquest
Starting age
Dark Age
Ending age
Imperial Age
RankedLock teamsTeams togetherTeam positionsShared explorationLock speedFull tech treeHidden civsTurbo modeCheats
Victory
Defeat
🇹🇼 Spanish · Taiwan
1216
+13
🇹🇼 Celts · Taiwan
1196
+13
🇨🇳 Goths · China
1173
+14
🇻🇪 Japanese · Venezuela
1178
-15
🇨🇳 Italians · China
1124
-13
🇬🇧 Britons · United Kingdom
1112
-12
一斬
9:07 Feudal Age
10:59 Loom
14:30 Castle Age
12:53 Horse Collar
13:56 Double-Bit Axe
27:02 Padded Archer Armor
28:22 Bloodlines
28:12 Husbandry
30:13 Wheelbarrow
29:50 Bow Saw
30:19 Leather Archer Armor
46134864
7:02 Loom
11:03 Feudal Age
15:19 Castle Age
13:15 Double-Bit Axe
13:14 Horse Collar
23:04 Wheelbarrow
23:13 Gold Mining
23:14 Stone Mining
25:49 Town Watch
26:22 Hand Cart
30:19 Imperial Age
28:09 Scale Mail Armor
28:47 Heavy Plow
29:27 Stone Shaft Mining
29:03 Bow Saw
29:16 Man-at-Arms
29:57 Squires
30:14 Chain Mail Armor
30:09 Forging
30:16 Forging
29:51 Long Swordsman
板橋伐木工
0:27 Loom
11:15 Feudal Age
15:03 Castle Age
13:23 Double-Bit Axe
18:30 Scale Mail Armor
28:34 Chain Mail Armor
28:19 Arson
28:19 Gambesons
29:49 Bow Saw
29:50 Horse Collar
Lampy
12:27 Feudal Age
11:59 Loom
16:44 Castle Age
14:54 Horse Collar
15:00 Double-Bit Axe
花开未相随
10:42 Feudal Age
8:58 Loom
14:47 Castle Age
13:03 Double-Bit Axe
15:58 Bow Saw
23:13 Horse Collar
23:44 Gold Mining
darienvasquez95
7:15 Loom
9:26 Feudal Age
14:41 Castle Age
16:11 Double-Bit Axe
21:30 Horse Collar
25:57 Heavy Plow
26:13 Bow Saw
27:30 Forging
27:20 Scale Mail Armor
30:08 Wheelbarrow
Connection lost

Rejoining the realm…

Still unreachable

The connection could not be restored.

Session expired

The server has moved on; the page needs a fresh start.